[Event "Titled Tuesday Blitz November 22 Late 2022"]
[White "Tomaszewski, Kacper"]
[Black "Artemenko, Oleg"]
[WhiteFideId "1127373"]
[BlackFideId "14201798"]
[WhiteElo "2211"]
[BlackElo "2287"]
[Result "0-1"]
[Round "06"]
[TimeControl "180+1"]
[Date "2022.11.23"]
[WhiteClock "0:00:03"]
[BlackClock "0:00:34"]

1. Nf3 e6 2. e4 d5 3. e5 c5 4. c3 Nc6 5. Na3 c4 6. b3 cxb3 7. axb3 Nge7 8. d4 Ng6 9. Bd3 Be7 10. O-O O-O 11. Nc2 Bd7 12. c4 dxc4 13. bxc4 Qc7 14. Bb2 Rfd8 15. Re1 Be8 16. Qd2 a5 17. Qe3 Nb4 18. Nxb4 axb4 19. Rxa8 Rxa8 20. d5 Bc5 21. Bd4 Bxd4 22. Qxd4 exd5 23. cxd5 Qc3 24. Bxg6 hxg6 25. h4 Qxd4 26. Nxd4 Ra5 27. d6 Rd5 28. Nf3 b3 29. Rb1 Ba4 30. Kf1 f6 31. exf6 gxf6 32. Ke2 Bb5+ 33. Ke3 Bc4 34. Nd4 Rxd6 35. Rb2 Kg7 36. g3 f5 37. f4 Kh6 38. Rd2 Kh5 39. Nxb3 Re6+ 40. Kd4 Bxb3 41. Rb2 Ba4 42. Rxb7 Kg4 43. h5 gxh5 44. Rg7+ Kh3 45. Rg5 Bc2 46. Rxh5+ Kxg3 47. Kc3 Be4 48. Kd4 Kxf4 49. Rh8 Rd6+ 50. Kc5 Rd1 51. Kc4 Ke3 52. Re8 f4 0-1


[Site "https://www.chess.com"]

[Event "Titled Tuesday Blitz November 22 Late 2022"]
[White "Toncheva, Nadya"]
[Black "Brown, Andrew"]
[WhiteFideId "2924056"]
[BlackFideId "3206513"]
[WhiteElo "2101"]
[BlackElo "2245"]
[Result "0-1"]
[Round "06"]
[TimeControl "180+1"]
[Date "2022.11.23"]
[WhiteClock "0:00:06"]
[BlackClock "0:00:03"]

1. d4 g6 2. c4 Bg7 3. Nc3 d6 4. e4 Nd7 5. Nf3 e5 6. d5 a5 7. Bd3 Ne7 8. O-O Nc5 9. Bc2 f5 10. exf5 gxf5 11. a3 O-O 12. Bg5 h6 13. Bh4 Qd7 14. Bxe7 Qxe7 15. Qd2 e4 16. Nd4 Qg5 17. Qxg5 hxg5 18. Nce2 f4 19. Rad1 a4 20. Nc3 Bg4 21. f3 exf3 22. gxf3 Bh3 23. Rfe1 Rae8 24. Ndb5 Re3 25. Kf2 Rfe8 26. Rxe3 Rxe3 27. Re1 Rxe1 28. Kxe1 g4 29. fxg4 Bxg4 30. Nxc7 Bf6 31. N7b5 Bh4+ 32. Kd2 f3 33. Bd1 f2 34. Be2 Bg5+ 35. Kc2 Bxe2 36. Nxe2 f1=Q 37. Ned4 Qd3# 0-1


[Site "https://www.chess.com"]

[Event "Titled Tuesday Blitz November 22 Late 2022"]
[White "Torres Dominguez, David"]
[Black "Shapiro, Daniel"]
[WhiteFideId "2220857"]
[BlackFideId "2001780"]
[WhiteElo "2037"]
[BlackElo "2297"]
[Result "0-1"]
[Round "06"]
[TimeControl "180+1"]
[Date "2022.11.23"]
[WhiteClock "0:00:01"]
[BlackClock "0:00:08"]

1. e4 c5 2. Nf3 e6 3. d4 cxd4 4. Nxd4 a6 5. Bd3 g6 6. O-O Bg7 7. Be3 Ne7 8. Qd2 Nbc6 9. Nxc6 bxc6 10. Nc3 d5 11. Bh6 O-O 12. Bxg7 Kxg7 13. f4 Qb6+ 14. Kh1 Qxb2 15. Rab1 Qa3 16. Rb3 Qa5 17. Qf2 f5 18. Qd4+ Kg8 19. exd5 Nxd5 20. Na4 Qc7 21. Nc5 Re8 22. g3 e5 23. fxe5 Qxe5 24. Qxe5 Rxe5 25. Rfb1 Be6 26. Rb8+ Rxb8 27. Rxb8+ Kg7 28. Nxa6 f4 29. Rb7+ Kf6 30. Nc5 Re1+ 31. Kg2 Bf5 32. Bxf5 Kxf5 33. gxf4 Nxf4+ 34. Kf2 Re2+ 35. Kf3 Rxc2 36. Rf7+ Ke5 37. Nd7+ Ke6 38. Rxf4 Kxd7 39. Ra4 Kd6 40. h4 Rc3+ 41. Kg4 h5+ 42. Kg5 Rg3+ 43. Kh6 c5 44. Ra6+ Kd5 45. a4 c4 46. a5 c3 47. Ra8 Rg4 0-1


[Site "https://www.chess.com"]

[Event "Titled Tuesday Blitz November 22 Late 2022"]
[White "Vlassov, Nikolai"]
[Black "Novikova, Galina"]
[WhiteFideId "4103360"]
[BlackFideId "4157095"]
[WhiteElo "2324"]
[BlackElo "1973"]
[Result "1-0"]
[Round "06"]
[TimeControl "180+1"]
[Date "2022.11.23"]
[WhiteClock "0:00:05"]
[BlackClock "0:00:03"]

1. e4 e6 2. c4 d5 3. cxd5 exd5 4. Qb3 Nf6 5. e5 Ne4 6. d4 Nc6 7. Bb5 Be7 8. Ne2 O-O 9. h4 Na5 10. Qe3 c5 11. g3 Bd7 12. Bxd7 Nc4 13. Qd3 Qxd7 14. f3 f5 15. b3 Nb6 16. Bf4 c4 17. Qc2 Bb4+ 18. Kf1 Rac8 19. fxe4 fxe4 20. Kg2 Qg4 21. Qd1 Qf3+ 22. Kh3 c3 23. Nbxc3 Bxc3 24. Rc1 Bb4 25. Rxc8 Rxc8 26. Rf1 Qh5 27. g4 Qe8 28. Ng3 Rc3 29. Kg2 Nd7 30. Nf5 Nf8 31. Rf2 Ne6 32. Be3 Qc8 33. Bd2 Rc2 34. Bxb4 Rxf2+ 35. Kxf2 Qd7 36. Qc2 h6 37. Qc3 Nf4 38. Ke3 Nd3 39. Qd2 Qf7 40. Bd6 Qg6 41. Qe2 Qe6 42. Kd2 Qd7 43. Qd1 Qc6 44. Qc2 Qa6 45. Qc8+ Kh7 46. Qc7 Qxa2+ 47. Ke3 Qa1 48. Qxg7# 1-0


[Site "https://www.chess.com"]

[Event "Titled Tuesday Blitz November 22 Late 2022"]
[White "Weetik, Vjacheslav"]
[Black "Al-Tarboush, Ward"]
[WhiteFideId "4153472"]
[BlackFideId "7601450"]
[WhiteElo "2469"]
[BlackElo "2273"]
[Result "1-0"]
[Round "06"]
[TimeControl "180+1"]
[Date "2022.11.23"]
[WhiteClock "0:00:14"]
[BlackClock "0:00:04"]

1. e4 e5 2. Nf3 Nf6 3. Nxe5 d6 4. Nf3 Nxe4 5. Nc3 Nxc3 6. dxc3 Be7 7. Be3 Nc6 8. Qd2 Be6 9. O-O-O Qd7 10. Kb1 Bf6 11. h4 h6 12. Bb5 a6 13. Ba4 b5 14. Bb3 Bxb3 15. axb3 O-O 16. Rh3 Qf5 17. Bxh6 gxh6 18. Qxh6 Bg7 19. Rg3 Qh7 20. Qf4 Ne7 21. Ng5 Qf5 22. Qd2 f6 23. Nf3 Kf7 24. Re1 Rae8 25. Nd4 Qd5 26. Rd3 Qh5 27. Ne6 Bh6 28. f4 Rg8 29. Nxc7 Rc8 30. Ne6 Qg4 31. Rxd6 Qxg2 32. Ng5+ Rxg5 33. Rxe7+ Kxe7 34. Rd7+ Ke8 35. hxg5 Qxd2 36. Rxd2 fxg5 37. fxg5 Bxg5 38. Rd6 Ra8 39. Rg6 Be7 40. b4 Kf7 41. Rb6 Bf6 42. Ka2 Ke7 43. Kb3 Be5 44. Rg6 Kd7 45. Rg5 Bf6 46. Rg6 Ke6 47. Rg1 Be5 48. Rg6+ Kd5 49. Rg5 Kd6 50. Rg6+ Kc7 51. Rg5 Bd6 52. Rg6 Kc6 53. Rh6 Rg8 54. Rf6 Rg2 55. Rh6 Rg1 56. Rf6 Rc1 57. Rh6 Rb1 58. Rg6 Ra1 59. Rh6 Rb1 60. Rg6 Kc7 61. Rg7+ Kb6 62. Rg6 Kc6 63. Rh6 Kd7 64. Rh7+ Kc8 65. Rh6 Bf4 66. Rxa6 Bc1 67. c4 Rxb2+ 68. Kc3 bxc4 69. Rc6+ Kb7 70. Rxc4 Rb1 71. Rg4 Bb2+ 72. Kc4 Rc1 73. Kb3 Be5 74. c4 Rc3+ 75. Ka4 Re3 76. Kb5 Bc3 77. c5 Re5 78. Rg7+ Kc8 79. Rh7 Re6 80. Kc4 Bb2 81. b5 Re4+ 82. Kd5 Rg4 83. b6 Rg5+ 84. Kc6 Rg6+ 85. Kb5 Bd4 86. Rf7 Kb8 87. Rf8+ Kb7 88. c6+ Rxc6 89. Rf7+ Kb8 90. Kxc6 Be3 91. Rf8# 1-0


[Site "https://www.chess.com"]

[Event "Titled Tuesday Blitz November 22 Late 2022"]
[White "Young, Ryan"]
[Black "Ibadov, Dashgyn"]
[WhiteFideId "2049945"]
[BlackFideId "24107514"]
[WhiteElo "2317"]
[BlackElo "2208"]
[Result "1-0"]
[Round "06"]
[TimeControl "180+1"]
[Date "2022.11.23"]
[WhiteClock "0:00:17"]
[BlackClock "0:00:01"]

1. e4 c5 2. c3 e6 3. d4 d5 4. exd5 exd5 5. Be3 cxd4 6. Bxd4 Nc6 7. Nf3 Nf6 8. Be2 Bd6 9. O-O Nxd4 10. Nxd4 O-O 11. Nd2 Re8 12. Re1 a6 13. a4 h6 14. Bf3 Rxe1+ 15. Qxe1 Bd7 16. a5 Qc7 17. g3 Re8 18. Qf1 Ne4 19. Qd3 Nc5 20. Qc2 Ne6 21. N2b3 Bc6 22. Qd2 Be5 23. Kg2 Bf6 24. h3 Qd8 25. Nxe6 fxe6 26. Nc5 Qd6 27. b4 e5 28. Rd1 Rd8 29. Kh2 Qe7 30. Bg4 Kh8 31. Qe2 d4 32. cxd4 exd4 33. Qxe7 Bxe7 34. Ne6 Rd6 35. Rxd4 Rxd4 36. Nxd4 Bxb4 37. Nxc6 bxc6 38. Bd7 Bxa5 39. Bxc6 Bb6 40. Kg2 Kg8 41. Ba4 Kf7 42. f4 Ke6 43. Kf3 Kd5 44. g4 a5 45. h4 Kc4 46. g5 Kb4 47. Be8 a4 48. Bf7 a3 49. gxh6 gxh6 50. Kg4 Be3 51. f5 Kc5 52. Kh5 Kd6 53. Kg6 Bf2 54. h5 Be3 55. Ba2 Bg5 56. f6 Kd7 57. Kg7 1-0


[Site "https://www.chess.com"]

[Event "Titled Tuesday Blitz November 22 Late 2022"]
[White "Yurovskykh, Oleksandr"]
[Black "Yuan, Qingyu"]
[WhiteFideId "14134020"]
[BlackFideId "8609772"]
[WhiteElo "2574"]
[BlackElo "2744"]
[Result "0-1"]
[Round "06"]
[TimeControl "180+1"]
[Date "2022.11.23"]
[WhiteClock "0:00:17"]
[BlackClock "0:00:21"]

1. g3 d5 2. Bg2 e5 3. d3 Nf6 4. Nd2 Bd6 5. e4 c6 6. Ngf3 O-O 7. O-O Re8 8. Re1 a5 9. a4 Na6 10. c3 Nc5 11. Qc2 dxe4 12. dxe4 Bc7 13. Bf1 h6 14. b4 Ne6 15. Bb2 Bb6 16. Nc4 Ng4 17. Nxb6 Qxb6 18. h3 Nf6 19. Nxe5 Ng5 20. Nc4 Nf3+ 21. Kh1 Nxe1 22. Rxe1 Qc7 23. Bc1 axb4 24. cxb4 Qe7 25. Ba3 b5 26. Nb6 Rb8 27. a5 Bf5 28. f3 Bd7 29. Qc3 Nd5 30. Nxd5 cxd5 31. Bb2 f6 32. Bd3 Qf7 33. Rd1 Bxh3 34. Kg1 dxe4 35. Bxe4 Red8 36. Bc2 Qa7+ 37. Qc5 Rxd1+ 38. Bxd1 Qxc5+ 39. bxc5 Bd7 40. Bb3+ Kf8 41. Bd5 Rc8 42. Be4 Bc6 43. Bf5 Ra8 44. Bc3 Kf7 45. Kf2 g6 46. Bc2 f5 47. Bb3+ Ke7 48. Ke3 b4 49. Bd2 Rxa5 50. Kd4 Ra3 51. Kc4 Bd5+ 52. Kxd5 Rxb3 53. Kc4 Rxf3 54. Bxh6 Rxg3 55. Kxb4 Kd7 56. Kc4 Rg4+ 57. Kd5 Rg2 58. c6+ Kc8 59. Bf4 Rg4 60. Be5 Re4 61. Bg3 Re3 62. Bf4 Rf3 63. Be5 g5 64. Ke6 g4 65. Kf6 g3 66. Kg5 g2 67. Bh2 Rf1 68. Kg6 g1=Q+ 69. Bxg1 Rxg1+ 70. Kxf5 Rc1 71. Ke4 Rxc6 72. Kd5 Rc7 73. Ke5 Kb7 74. Kd5 Kb8 75. Kd4 Kc8 76. Kd5 Kd7 77. Ke5 Rc6 78. Ke4 Rd6 79. Ke5 Ke7 80. Ke4 Ke6 81. Kf4 Rd5 82. Ke4 Kd6 0-1


[Site "https://www.chess.com"]

[Event "Titled Tuesday Blitz November 22 Late 2022"]
[White "Zakarian, David"]
[Black "Simonovic, Miroslav"]
[WhiteFideId "13301276"]
[BlackFideId "919152"]
[WhiteElo "2305"]
[BlackElo "2043"]
[Result "1-0"]
[Round "06"]
[TimeControl "180+1"]
[Date "2022.11.23"]
[WhiteClock "0:01:07"]
[BlackClock "0:00:23"]

1. e4 c5 2. b3 Nc6 3. Bb2 e5 4. Nc3 g6 5. f4 Bg7 6. fxe5 Nxe5 7. Nf3 d6 8. Bb5+ Bd7 9. Bxd7+ Qxd7 10. O-O Ne7 11. Kh1 O-O 12. d3 f5 13. Rb1 h6 14. exf5 gxf5 15. Nxe5 dxe5 16. Qh5 Kh7 17. Ne2 Qe6 18. Ng3 Qg6 19. Rbe1 f4 20. Qxg6+ Nxg6 21. Nh5 Bh8 22. g3 Rf5 23. g4 Rff8 24. Re4 Rae8 25. h3 Re6 26. Rfe1 Rfe8 27. Kg1 b6 28. Kf2 R6e7 29. a4 Kg8 30. a5 Kf7 31. axb6 axb6 32. Ra1 Rb8 33. Ra6 Rbb7 34. Rea4 Ke6 35. Ra8 Kd5 36. Nxf4+ Nxf4 37. Rxh8 Nxh3+ 38. Kg3 Nf4 39. Rxh6 Ne2+ 40. Kf2 Nd4 41. c4# 1-0


[Site "https://www.chess.com"]

[Event "Titled Tuesday Blitz November 22 Late 2022"]
[White "Zhu, Jiner"]
[Black "Tang, Andrew"]
[WhiteFideId "8608059"]
[BlackFideId "2059630"]
[WhiteElo "2384"]
[BlackElo "2581"]
[Result "0-1"]
[Round "06"]
[TimeControl "180+1"]
[Date "2022.11.22"]
[WhiteClock "0:00:01"]
[BlackClock "0:00:45"]

1. e4 e5 2. Nf3 Nc6 3. Bb5 g6 4. c3 a6 5. Ba4 Bg7 6. d4 exd4 7. cxd4 b5 8. Bb3 Na5 9. Bc2 Ne7 10. Nc3 O-O 11. O-O d6 12. h3 c5 13. d5 Nc4 14. Qe2 Nb6 15. Bf4 b4 16. Nd1 a5 17. Rc1 Ba6 18. Qe1 Re8 19. Ne3 Bxb2 20. Rb1 Bc3 21. Qd1 Bxf1 22. Qxf1 a4 23. Qe2 b3 24. Bd3 c4 25. Bxc4 Nxc4 26. Qxc4 bxa2 27. Qxa2 a3 28. Nc4 Nc8 29. Rb3 Bg7 30. Nfd2 Qf6 31. Bg3 h5 32. Rxa3 Rxa3 33. Qxa3 h4 34. Bxd6 Nxd6 35. Qxd6 Qa1+ 36. Kh2 Rc8 37. e5 Bh6 38. e6 Qf6 39. exf7+ Qxf7 40. Qe6 Bf4+ 41. Kg1 Qxe6 42. dxe6 Kf8 43. Kf1 Ke7 44. Ke2 Kxe6 45. Nb2 Rc2 46. Nc4 Ra2 47. Kd3 Bh6 48. Ne3 Bf8 0-1


[Site "https://www.chess.com"]

[Event "Titled Tuesday Blitz November 22 Late 2022"]
[White "chess50years"]
[Black "De Souza, Cristiano Gomes"]
[BlackFideId "2151758"]
[WhiteElo "2067"]
[BlackElo "2068"]
[Result "1/2-1/2"]
[Round "06"]
[TimeControl "180+1"]
[Date "2022.11.23"]
[WhiteClock "0:00:16"]
[BlackClock "0:00:06"]

1. d4 Nf6 2. c4 g6 3. Nc3 Bg7 4. e4 d6 5. Nf3 O-O 6. h3 e5 7. dxe5 dxe5 8. Qxd8 Rxd8 9. Bg5 Re8 10. Nd5 Nxd5 11. cxd5 c6 12. Bc4 cxd5 13. Bxd5 Nd7 14. Nd2 Nb6 15. Bb3 Be6 16. O-O Rac8 17. Rac1 h6 18. Be3 Bxb3 19. axb3 Rxc1 20. Rxc1 Rc8 21. Nc4 Nxc4 22. bxc4 a6 23. b4 Bf8 24. c5 Rc6 25. Kf1 Kg7 26. Ke2 g5 27. Kd3 Kg6 28. Kc4 f5 29. f3 Kf6 30. b5 axb5+ 31. Kxb5 Ke6 32. Rd1 Be7 33. exf5+ Kxf5 34. Rd7 Re6 35. Rxb7 e4 36. g4+ Ke5 37. fxe4 Kxe4 38. Bd2 Re5 39. Bb4 Kf3 40. Ra7 Kg2 41. Ra3 Bd8 42. Rd3 Be7 43. Kc4 Re4+ 44. Kb3 Kf2 45. Ba3 Re3 46. Kc4 Rxd3 47. Kxd3 Kg3 48. c6 Bd8 49. Bf8 Kxh3 50. Bxh6 Kxg4 51. Ke4 Kh5 52. Bxg5 Kxg5 53. Kd5 Kf6 54. Kd6 Ba5 55. Kd7 Ke5 56. c7 Bxc7 1/2-1/2


[Site "https://www.chess.com"]

[Event "Titled Tuesday Blitz November 22 Late 2022"]
[White "Aggelis, Nikolaos"]
[Black "Weetik, Vjacheslav"]
[WhiteFideId "4213220"]
[BlackFideId "4153472"]
[WhiteElo "2189"]
[BlackElo "2469"]
[Result "1-0"]
[Round "07"]
[TimeControl "180+1"]
[Date "2022.11.23"]
[WhiteClock "0:00:44"]
[BlackClock "0:00:06"]

1. Nf3 Nf6 2. d4 g6 3. g3 Bg7 4. Bg2 O-O 5. O-O d5 6. b3 c5 7. dxc5 Ne4 8. c3 Nxc5 9. Bb2 Nc6 10. Nd4 Nxd4 11. cxd4 Ne4 12. Nd2 Nf6 13. Rc1 Bf5 14. b4 Qd6 15. Qb3 Rac8 16. Qa3 a6 17. Nb3 Ne4 18. Nc5 Nd2 19. Rfd1 Nc4 20. Rxc4 dxc4 21. Bxb7 Rcd8 22. Qxa6 Qb8 23. Qxc4 Rd6 24. Bf3 Bh3 25. a4 Rfd8 26. e3 e5 27. d5 h5 28. e4 Qc7 29. a5 Qe7 30. Bc3 Rc8 31. Qd3 h4 32. Bd2 Bf6 33. Ra1 Kg7 34. a6 Rh8 35. a7 Rdd8 36. Be3 hxg3 37. hxg3 Ra8 38. d6 Rxa7 39. Rxa7 Qxa7 40. Ne6+ Bxe6 41. Bxa7 1-0


[Site "https://www.chess.com"]

[Event "Titled Tuesday Blitz November 22 Late 2022"]
[White "Ai, Evan"]
[Black "Sztokbant, Bernardo Vainzoff"]
[WhiteFideId "2094770"]
[BlackFideId "2115956"]
[WhiteElo "1963"]
[BlackElo "2228"]
[Result "0-1"]
[Round "07"]
[TimeControl "180+1"]
[Date "2022.11.23"]
[WhiteClock "0:00:06"]
[BlackClock "0:00:18"]

1. e4 c5 2. Nf3 e6 3. d4 cxd4 4. Nxd4 Nc6 5. c4 Nf6 6. Nc3 Bb4 7. f3 Qc7 8. Be3 a6 9. Be2 O-O 10. O-O Bd6 11. f4 Nxd4 12. Qxd4 e5 13. Qd2 exf4 14. Bxf4 Bxf4 15. Rxf4 Qc5+ 16. Kh1 d6 17. Raf1 Qe5 18. Rxf6 gxf6 19. Nd5 Kh8 20. Nxf6 Rg8 21. Nxg8 Kxg8 22. Qh6 Be6 23. Bd3 Rc8 24. b3 b5 25. cxb5 axb5 26. Qf4 Qxf4 27. Rxf4 b4 28. Kg1 Rc3 29. Rf3 Kf8 30. Kf2 Ke7 31. Ke3 Rc1 32. Rf1 Rc5 33. Kd2 Ra5 34. Bb1 Rg5 35. g3 h5 36. Ke3 h4 37. Kf4 Rg4+ 38. Kf3 hxg3 39. hxg3 Rg5 40. Bd3 Ra5 41. Rf2 Rc5 42. Rc2 Ra5 43. Bc4 Rc5 44. Bd3 Ra5 45. Ke3 Kf6 46. Kd4 Rg5 47. Rf2+ Ke7 48. Bc4 Rxg3 49. Bxe6 Kxe6 50. Kc4 Re3 51. Kxb4 Rxe4+ 52. Kb5 Re3 53. b4 Ra3 54. Rb2 f5 55. Kc4 Kd7 56. b5 Kc7 57. Kb4 Re3 58. a4 Re4+ 59. Ka5 Kb7 60. Rh2 Re7 61. Kb4 Re4+ 62. Kb3 Kb6 63. Rd2 Kc5 64. Rc2+ Kd5 65. a5 Re3+ 66. Rc3 Re1 67. a6 Ra1 68. Kb4 f4 69. Ra3 Rb1+ 70. Ka5 Kc5 71. Rc3+ Kd4 72. Rc8 f3 73. Rf8 Kc5 74. Rc8+ Kd4 75. Kb6 f2 76. Rf8 f1=Q 77. Rxf1 Rxf1 78. a7 Ra1 79. Kb7 Kc5 80. b6 d5 0-1


[Site "https://www.chess.com"]

[Event "Titled Tuesday Blitz November 22 Late 2022"]
[White "Al-Tarboush, Ward"]
[Black "Bogaudinov, Rushan"]
[WhiteFideId "7601450"]
[BlackFideId "4129288"]
[WhiteElo "2273"]
[BlackElo "1997"]
[Result "1-0"]
[Round "07"]
[TimeControl "180+1"]
[Date "2022.11.23"]
[WhiteClock "0:00:37"]
[BlackClock "0:00:06"]

1. e4 a6 2. Ke2 b5 3. Kf3 Bb7 4. d3 e6 5. g3 d5 6. Nd2 Nf6 7. Qe2 Nbd7 8. Kg2 Nc5 9. f3 Be7 10. Nh3 O-O 11. Nf2 e5 12. b3 d4 13. h4 a5 14. g4 a4 15. b4 Ne6 16. Nh3 Bxb4 17. f4 exf4 18. g5 Nd7 19. Nf3 Bd6 20. Kf2 c5 21. Bg2 Qc7 22. Bd2 c4 23. Rag1 c3 24. Bc1 b4 25. Bf1 b3 26. axb3 axb3 27. cxb3 Ba6 28. h5 Ndc5 29. Ne1 Nxb3 30. Qc2 Nxc1 31. Qxc1 Rab8 32. g6 Rb2+ 33. Kf3 fxg6 34. hxg6 h6 35. Nf2 Ng5+ 36. Rxg5 hxg5 37. Bh3 Bc8 38. Bxc8 Qxc8 39. Ng4 Rf6 40. Nc2 Qa6 41. Rh8+ Kxh8 42. Qh1+ Kg8 43. Qh7+ Kf8 44. Qh8+ Ke7 45. Qxg7+ Kd8 46. Qxf6+ Kc8 47. Qxd4 Rxc2 48. g7 Qa7 49. g8=Q+ 1-0


[Site "https://www.chess.com"]

[Event "Titled Tuesday Blitz November 22 Late 2022"]
[White "Ankerst, Mihael"]
[Black "Fernandez De La Vara, Arnaldo"]
[WhiteFideId "14602369"]
[BlackFideId "3518388"]
[WhiteElo "2399"]
[BlackElo "2387"]
[Result "0-1"]
[Round "07"]
[TimeControl "180+1"]
[Date "2022.11.23"]
[WhiteClock "0:00:19"]
[BlackClock "0:00:06"]

1. e4 c5 2. Nf3 e6 3. d4 cxd4 4. Nxd4 a6 5. c4 Nf6 6. Nc3 Qc7 7. Be2 Bb4 8. Nc2 Be7 9. O-O O-O 10. Ne3 b6 11. Qd2 Bb7 12. f3 Rd8 13. Kh1 Nc6 14. b3 Rac8 15. Bb2 Qb8 16. a3 Na5 17. Qd1 Bc5 18. Bc1 Qe5 19. Qc2 b5 20. f4 Qc7 21. e5 Ne8 22. cxb5 Bxe3 23. Bxe3 Qxc3 24. Qxc3 Rxc3 25. Bb6 Ra8 26. Bxa5 Rxb3 27. b6 Rb2 28. Bd3 Rxg2 29. h3 Rg3+ 30. Kh2 Rxd3 31. Rfc1 Rd5 32. Be1 Bc6 33. a4 a5 34. Rab1 f6 35. Bc3 Rb8 36. Rb2 Kf7 37. Kg3 h6 38. Kg4 g5 39. exf6 Nxf6+ 40. Bxf6 Kxf6 41. fxg5+ Rxg5+ 42. Kh4 Rf5 43. Rc4 Rb7 44. Rd4 Ke7 45. Rg4 Rf7 46. Rg6 e5 47. Kh5 e4 48. Rxh6 Rf5+ 49. Kg4 Re5 50. Rh7+ Ke6 51. Kf4 Rf5+ 52. Ke3 Rf3+ 53. Ke2 Ra3 54. Rh6+ Ke5 55. Rh5+ Kf4 56. Rd2 Rxa4 57. Rh6 Ra3 58. Rf6+ Ke5 59. Rf8 Rf3 60. Re8+ Kf4 61. Rf8+ Kg3 62. Rg8+ Kh4 63. Rd4 Rxb6 64. Rd6 Bb5+ 65. Kd2 Rxd6+ 66. Kc1 Rf1+ 67. Kb2 e3 68. Ka3 e2 69. Rh8+ Kg5 70. Rg8+ Rg6 71. Re8 e1=Q 72. h4+ Kf6 73. Rxe1 Rxe1 74. h5 Re3+ 75. Kb2 Rg2+ 76. Kc1 Re1# 0-1


[Site "https://www.chess.com"]

[Event "Titled Tuesday Blitz November 22 Late 2022"]
[White "Antonio, Jorge Carlos"]
[Black "Castillo Pena, Patricia Evarista"]
[WhiteFideId "113190"]
[BlackFideId "6412106"]
[WhiteElo "2247"]
[BlackElo "1919"]
[Result "1-0"]
[Round "07"]
[TimeControl "180+1"]
[Date "2022.11.23"]
[WhiteClock "0:00:18"]
[BlackClock "0:00:01"]

1. d4 d5 2. Nf3 Nf6 3. Bf4 c5 4. e3 Nc6 5. c3 Qb6 6. Qb3 c4 7. Qc2 Bf5 8. Qc1 e6 9. Nbd2 Rc8 10. Nh4 Be4 11. f3 Bg6 12. e4 Be7 13. Nxg6 hxg6 14. Be3 Qc7 15. e5 Nd7 16. f4 b5 17. Nf3 a5 18. Be2 b4 19. O-O a4 20. Qd2 a3 21. Rfc1 Qa5 22. b3 bxc3 23. Qxc3 Bb4 24. Qc2 cxb3 25. Qxb3 O-O 26. Rab1 Be7 27. Qb7 Rc7 28. Rxc6 Rxb7 29. Rxb7 Rd8 30. Rcc7 Qa4 31. Bd2 Bf8 32. Bb5 Qd1+ 33. Kf2 Nb8 34. Rc1 Qxc1 35. Bxc1 Rc8 36. Be3 1-0


[Site "https://www.chess.com"]

[Event "Titled Tuesday Blitz November 22 Late 2022"]
[White "Arbunic Castro, Giovanna"]
[Black "Marchesich, Giovanni"]
[WhiteFideId "3400549"]
[BlackFideId "2824790"]
[WhiteElo "1984"]
[BlackElo "2200"]
[Result "1-0"]
[Round "07"]
[TimeControl "180+1"]
[Date "2022.11.23"]
[WhiteClock "0:00:11"]
[BlackClock "0:00:37"]

1. e4 e5 2. d4 d6 3. Bc4 exd4 4. Qxd4 Nc6 5. Qe3 Nf6 6. Nc3 g6 7. Bd2 Bg7 8. O-O-O O-O 9. h4 Re8 10. f3 a6 11. g4 b5 12. Bb3 Nd7 13. h5 Nc5 14. hxg6 Nxb3+ 15. axb3 fxg6 16. Qf2 Be6 17. Qh2 h6 18. Bxh6 Qf6 19. Bxg7 Qxg7 20. Nge2 Ne5 21. Qg3 g5 22. Nd4 Re7 23. Nf5 Bxf5 24. gxf5 Nf7 25. f6 Qxf6 26. Nd5 Qe5 27. Nxe7+ Qxe7 28. Qh3 Qf6 29. Qh7+ Kf8 30. Rd5 Ke7 31. Rf5 Rh8 32. Rxf6 Rxh7 33. Rxh7 Kxf6 34. Kd2 Kg6 35. Rh1 Ne5 36. Ke3 Kf6 37. Rh7 c5 38. Ra7 Ng6 39. Rxa6 Ke5 40. Rb6 b4 41. c3 bxc3 42. bxc3 Nf4 43. b4 Ng2+ 44. Kf2 cxb4 45. cxb4 Nf4 46. Rb5+ Kd4 47. Rf5 Kc4 48. Rxf4 gxf4 49. Kg2 Kxb4 50. Kh3 Kc3 51. Kg4 Kd4 52. Kxf4 d5 53. e5 Kc5 54. e6 Kd6 55. Kf5 d4 56. Kf6 d3 57. e7 d2 58. e8=Q d1=Q 59. Qd8+ 1-0


[Site "https://www.chess.com"]

[Event "Titled Tuesday Blitz November 22 Late 2022"]
[White "Arnold, Ken"]
[Black "Aghasiyev, Kamal"]
[WhiteFideId "2056836"]
[BlackFideId "13402854"]
[WhiteElo "2368"]
[BlackElo "2341"]
[Result "0-1"]
[Round "07"]
[TimeControl "180+1"]
[Date "2022.11.23"]
[WhiteClock "0:01:18"]
[BlackClock "0:00:22"]

1. d4 d5 2. c4 e6 3. Nf3 Nf6 4. Nc3 Be7 5. cxd5 exd5 6. Bf4 O-O 7. e3 c6 8. h3 Bf5 9. Bd3 Bxd3 10. Qxd3 Nbd7 11. O-O Re8 12. a3 Nb6 13. Ne5 Bd6 14. b4 Bxe5 15. Bxe5 Nc4 16. Bxf6 Qxf6 17. e4 Qg6 18. Qe2 Nd6 19. e5 Nf5 20. Qd3 f6 21. g4 Nh4 22. Qxg6 hxg6 23. f4 g5 24. exf6 Re3 25. f7+ Kxf7 26. fxg5+ Kg6 27. Nd1 Rg3+ 28. Kh2 Rg2+ 29. Kh1 Re8 30. Nc3 Re3 0-1


[Site "https://www.chess.com"]

[Event "Titled Tuesday Blitz November 22 Late 2022"]
[White "Artemenko, Oleg"]
[Black "Golubev, Mikhail"]
[WhiteFideId "14201798"]
[BlackFideId "14100983"]
[WhiteElo "2287"]
[BlackElo "2374"]
[Result "0-1"]
[Round "07"]
[TimeControl "180+1"]
[Date "2022.11.23"]
[WhiteClock "0:01:19"]
[BlackClock "0:00:06"]

1. d4 Nf6 2. Nc3 d6 3. e4 g6 4. f4 Bg7 5. Bd3 O-O 6. Nf3 Nc6 7. e5 dxe5 8. dxe5 Nd5 9. O-O Nxc3 10. bxc3 Bf5 11. Qe2 Bxd3 12. cxd3 f5 13. exf6 Rxf6 14. d4 Qd5 15. Rb1 a6 16. Be3 b5 17. Ne5 Nxe5 18. fxe5 Rc6 19. Rbc1 Rc4 20. a3 c5 21. Rf3 cxd4 22. Bxd4 Rcc8 23. Rcf1 Rf8 24. h4 Rxf3 25. Rxf3 Rf8 26. Rxf8+ Kxf8 27. Kh2 h5 28. g3 Kg8 29. Qe3 Kh7 30. Qf4 Qa2+ 31. Kh3 Qe6+ 32. g4 hxg4+ 33. Qxg4 Qxg4+ 34. Kxg4 e6 35. h5 Bf8 36. Kg5 Be7+ 37. Kg4 Bxa3 38. Bb6 Be7 39. hxg6+ Kxg6 40. Kf4 Bg5+ 41. Ke4 Bd2 42. Ba5 Kg5 43. Kd3 Be1 44. Ke4 Kg4 45. Bb4 Bf2 46. Ba5 Bc5 47. Bc7 b4 48. Bd6 b3 49. Bxc5 b2 50. Bb4 b1=Q+ 51. Kd4 Qd1+ 52. Kc5 Qd5+ 53. Kb6 a5 54. Ka6 Kf5 55. Bd6 Qc4+ 56. Kxa5 Qb3 57. c4 Qxc4 58. Kb6 Ke4 59. Kb7 Kd5 60. Kb6 Qc6+ 61. Ka5 Kc4 62. Bc5 Qb5# 0-1


[Site "https://www.chess.com"]

[Event "Titled Tuesday Blitz November 22 Late 2022"]
[White "Banzea, Alexandru-Bogdan"]
[Black "Gadimbayli, Abdulla"]
[WhiteFideId "1232622"]
[BlackFideId "13404938"]
[WhiteElo "2294"]
[BlackElo "2399"]
[Result "0-1"]
[Round "07"]
[TimeControl "180+1"]
[Date "2022.11.22"]
[WhiteClock "0:00:03"]
[BlackClock "0:00:12"]

1. d4 d5 2. Nf3 Nc6 3. Bf4 Nf6 4. e3 Nh5 5. Be5 Nxe5 6. dxe5 c6 7. c4 g6 8. Nc3 e6 9. Qc2 Be7 10. O-O-O Qa5 11. g4 Ng7 12. h4 h5 13. Rg1 Bd7 14. Ng5 hxg4 15. Rxg4 Nf5 16. cxd5 cxd5 17. Nf3 Rc8 18. Kb1 Bb4 19. Rc1 Bxc3 20. bxc3 Rc6 21. Ka1 Ke7 22. Nd4 Nxd4 23. exd4 Rhc8 24. Rg3 Rb6 25. Qd2 Bb5 26. Qg5+ Ke8 27. h5 Bc4 28. Bxc4 Rxc4 29. Qd2 gxh5 30. Rg8+ Kd7 31. Rf8 Rc7 32. Rxf7+ Kc6 33. Rf6 Kb5 34. Qe2+ Rc4 35. Rb1+ Ka6 36. Rxb6+ axb6 37. Qb2 Rxc3 38. Rxe6 Rc4 39. Qe2 Qc3+ 0-1


[Site "https://www.chess.com"]